Map: Ulrena

Players

Soundwave - Winner!

  • Race: Zerg Zerg
  • League: Gold

A.I. 1 (Very Hard)

  • Race: Protoss Protoss

VOD

Have the link to the VOD?

Description

Time

  • Played on: Nov. 18, 2015, 4:44 a.m.
  • Length: 14:04
Show
View Real Time Build Order
Export as new Build Order

Soundwave Zerg - Winner!

Build Orders: Hatch First 

Get SALT Encoding   

  12  0:01  Drone  
  13  0:08  Drone  
  14  0:20  Extractor  
  14  0:21  Drone  
  14  0:22  Drone, Extractor  
  16  0:45  Hatchery  
  15  0:58  Spawning Pool  
  14  1:04  Extractor  
  14  1:05  Drone  
  14  1:10  Overlord  
  14  1:28  Drone x2  
  14  1:29  Drone  
  17  1:36  Extractor  
  16  1:40  Drone  
  16  1:45  Queen  
  19  1:59  Queen  
  21  2:02  Drone x2  
  21  2:08  Drone x2  
  25  2:14  Drone  
  26  2:19  Drone  
  27  2:33  Drone  
  28  2:41  Lair  
  28  2:55  Overlord  
  28  2:56  Overlord  
  28  3:13  Drone, Queen  
  28  3:14  Drone x6  
  37  3:23  Metabolic Boost  
  37  3:29  Zergling x4  
  39  3:42  Spire  
  38  3:54  Infestation Pit  
  37  4:03  Spine Crawler, Queen  
  37  4:05  Spine Crawler  
  37  4:12  Drone x5  
  37  4:13  Drone  
  43  4:19  Overlord  
  43  4:22  Drone  
  44  4:36  Extractor  
  44  4:37  Extractor  
  42  4:38  Drone x2  
  42  4:39  Drone  
  42  4:40  Drone x2  
  42  4:41  Drone  
  48  4:48  Drone  
  48  4:51  Drone  
  50  5:06  Mutalisk  
  52  5:10  Overlord x2  
  52  5:11  Overlord x2  
  52  5:32  Mutalisk x7  
  66  5:47  Drone x2  
  66  5:48  Drone  
  69  5:51  Drone  
  69  5:52  Hatchery  
  69  5:53  Drone  
  70  6:06  Overseer  
  70  6:14  Mutalisk  
  70  6:15  Mutalisk x3  
  78  6:28  Hive  
  78  6:35  Zergling x8  
  78  6:36  Zergling x4  
  84  6:59  Overlord x5  
  84  7:01  Overseer  
  84  7:09  Drone  
  84  7:10  Drone x5  
  90  7:24  Corruptor x5  
  100  7:38  Extractor  
  100  7:40  Extractor  
  98  7:59  Greater Spire  
  98  8:02  Mutalisk x3  
  104  8:06  Zergling x10  
  104  8:07  Zergling x12  
  104  8:08  Zergling x2  
  116  8:14  Corruptor  
  116  8:15  Evolution Chamber  
  116  8:16  Evolution Chamber  
  116  8:38  Drone x3  
  116  8:40  Drone x3  
  123  8:41  Drone x3  
  123  8:42  Drone  
  126  8:56  Hatchery  
  126  8:57  Mutalisk x2  
  116  9:15  Zergling x10  
  116  9:16  Zergling x12  
  116  9:17  Zergling x10  
  112  9:31  Brood Lord x5  
  122  9:33  Mutalisk  
  124  9:46  Queen  
  124  9:48  Queen  
  124  9:51  Zerg Melee Weapons Level 1  
  124  9:52  Zerg Ground Armor Level 1  
  128  9:55  Zerg Flyer Weapons Level 1  
  129  10:00  Zergling x4  
  129  10:02  Overlord x2  
  129  10:03  Overlord x3  
  129  10:05  Overseer  
  125  10:23  Mutalisk x4  
  133  10:32  Queen  
  135  10:45  Corruptor x4  
  126  11:02  Mutalisk  
  126  11:03  Mutalisk x2  
  130  11:06  Zergling x10  
  130  11:07  Zergling x6  
  130  11:25  Corruptor x3  
  131  11:42  Corruptor x3  
  137  12:11  Brood Lord x2  
  137  12:12  Brood Lord  
  137  12:13  Zergling x14  
  137  12:14  Zergling x12  
  156  12:15  Extractor  
  156  12:19  Extractor  
  154  12:31  Drone x3  
  154  12:33  Drone x3  
  154  12:34  Overlord x4  
  160  12:43  Brood Lord x2  
  164  12:44  Corruptor  
  159  13:05  Corruptor x4  
  154  13:21  Corruptor x2  
  154  13:22  Corruptor  
  158  13:38  Mutalisk  
  158  13:39  Mutalisk x3  
  166  13:42  Zergling x14  
  166  13:43  Zergling x8  
Show
View Real Time Build Order
Export as new Build Order

A.I. 1 (Very Hard) Protoss 

Build Orders:  

Get SALT Encoding   

  12  0:01  Probe (Chrono Boost)  
  13  0:11  Probe (Chrono Boost)  
  14  0:20  Pylon  
  14  0:22  Probe (Chrono Boost)  
  15  0:38  Probe (Chrono Boost)  
  16  0:47  Assimilator  
  16  0:49  Probe (Chrono Boost)  
  17  0:51  Gateway  
  17  0:59  Probe (Chrono Boost)  
  17  1:01  Pylon  
  18  1:10  Probe (Chrono Boost)  
  19  1:20  Probe (Chrono Boost)  
  20  1:31  Probe (Chrono Boost)  
  21  1:39  Zealot  
  21  1:42  Cybernetics Core, Probe (Chrono Boost)  
  24  1:53  Probe (Chrono Boost)  
  25  2:02  Nexus  
  25  2:14  Gateway  
  25  2:21  Pylon  
  25  2:23  Zealot  
  25  2:25  Warp Gate  
  25  2:29  Probe (Chrono Boost)  
  28  2:40  Probe (Chrono Boost), Assimilator  
  29  2:49  Adept  
  32  2:51  Probe (Chrono Boost)  
  32  3:00  Adept  
  32  3:03  Probe (Chrono Boost)  
  32  3:05  Pylon  
  35  3:14  Adept  
  35  3:15  Probe (Chrono Boost)  
  38  3:25  Stalker  
  39  3:28  Probe (Chrono Boost)  
  39  3:29  Probe (Chrono Boost)  
  42  3:39  Probe (Chrono Boost)  
  42  3:40  Probe (Chrono Boost)  
  44  3:45  Robotics Facility  
  44  3:50  Probe (Chrono Boost)  
  44  3:51  Adept  
  44  3:52  Probe (Chrono Boost)  
  48  3:59  Adept  
  48  4:02  Probe (Chrono Boost)  
  52  4:04  Probe (Chrono Boost)  
  52  4:13  Probe (Chrono Boost), Pylon  
  52  4:16  Probe (Chrono Boost)  
  55  4:24  Probe (Chrono Boost)  
  55  4:27  Stalker, Probe (Chrono Boost)  
  55  4:31  Immortal  
  58  4:36  Probe (Chrono Boost), Pylon  
  58  4:38  Probe (Chrono Boost)  
  64  4:39  Stalker  
  66  4:48  Probe (Chrono Boost)  
  66  4:49  Probe (Chrono Boost)  
  66  4:52  Robotics Facility  
  68  4:54  Stalker  
  70  5:05  Probe (Chrono Boost)  
  70  5:06  Immortal, Probe (Chrono Boost)  
  72  5:11  Pylon  
  72  5:13  Pylon  
  76  5:20  Stalker  
  78  5:29  Sentry, Gateway  
  78  5:31  Probe x2 (Chrono Boost)  
  82  5:38  Pylon  
  82  5:40  Stalker, Assimilator  
  84  5:47  Assimilator  
  84  5:51  Zealot  
  86  6:01  Sentry  
  86  6:03  Probe (Chrono Boost)  
  90  6:04  Probe (Chrono Boost), Pylon  
  90  6:09  Zealot  
  92  6:15  Probe (Chrono Boost)  
  92  6:16  Probe (Chrono Boost)  
  92  6:17  Nexus  
  91  6:22  Stalker x2  
  95  6:27  Probe x2 (Chrono Boost)  
  97  6:34  Pylon  
  97  6:37  Probe (Chrono Boost), Robotics Bay  
  98  6:47  Sentry  
  100  6:54  Pylon  
  100  6:59  Forge  
  100  7:03  Forge  
  100  7:05  Pylon  
  100  7:10  Gateway  
  100  7:11  Observer  
  101  7:19  Zealot  
  101  7:22  Colossus  
  103  7:25  Protoss Ground Weapons Level 1  
  103  7:28  Protoss Ground Armor Level 1  
  111  7:30  Probe x2 (Chrono Boost)  
  111  7:31  Probe (Chrono Boost), Colossus  
  118  7:37  Assimilator  
  118  7:41  Probe (Chrono Boost), Pylon  
  118  7:42  Probe x2 (Chrono Boost)  
  121  7:44  Assimilator  
  121  7:45  Stalker, Photon Cannon  
  122  7:51  Pylon  
  122  7:53  Probe (Chrono Boost)  
  122  7:54  Probe x2 (Chrono Boost)  
  125  8:01  Colossus  
  125  8:03  Photon Cannon  
  125  8:04  Probe (Chrono Boost)  
  125  8:05  Probe (Chrono Boost)  
  128  8:06  Probe (Chrono Boost)  
  128  8:07  Pylon  
  128  8:10  Photon Cannon  
  128  8:14  Photon Cannon  
  128  8:16  Probe (Chrono Boost)  
  128  8:17  Probe x2 (Chrono Boost)  
  131  8:20  Colossus  
  138  8:28  Probe x3 (Chrono Boost)  
  138  8:29  Extended Thermal Lance  
  140  8:39  Probe (Chrono Boost)  
  140  8:40  Photon Cannon  
  141  8:42  Disruptor, Photon Cannon  
  144  8:51  Stalker  
  144  8:55  Zealot  
  148  8:56  Zealot  
  148  9:01  Zealot  
  152  9:04  Pylon  
  141  9:12  Disruptor  
  141  9:13  Zealot x2  
  141  9:16  Sentry  
  128  9:17  Observer  
  128  9:21  Stalker  
  105  9:32  Sentry, Zealot  
  105  9:37  Stalker  
  105  9:38  Colossus  
  111  9:41  Stalker, Protoss Shields Level 1  
  119  9:51  Stalker  
  121  9:53  Observer, Photon Cannon  
  121  9:54  Zealot  
  121  9:59  Adept  
  126  10:03  Zealot  
  128  10:11  Warp Prism  
  128  10:12  Stalker, Sentry  
  132  10:14  Gateway  
  132  10:18  Stalker  
  132  10:20  Twilight Council  
  120  10:22  Adept, Nexus  
  122  10:32  Observer  
  122  10:33  Zealot  
  122  10:34  Zealot  
  126  10:40  Stalker x2  
  130  10:49  Photon Cannon  
  130  10:52  Stalker, Zealot  
  112  11:00  Colossus  
  112  11:01  Stalker  
  112  11:02  Sentry  
  112  11:08  Adept  
  112  11:11  Sentry  
  101  11:12  Sentry  
  85  11:18  Photon Cannon  
  85  11:23  Adept x2  
  81  11:26  Zealot  
  81  11:27  Colossus  
  75  11:33  Stalker, Probe (Chrono Boost)  
  75  11:34  Probe (Chrono Boost), Zealot  
  69  11:41  Zealot  
  69  11:43  Stalker  
  69  11:44  Nexus  
  69  11:45  Probe x2 (Chrono Boost)  
  69  11:46  Sentry  
  77  11:54  Stalker  
  79  11:59  Stalker  
  81  12:03  Probe (Chrono Boost)  
  81  12:07  Probe (Chrono Boost)  
  83  12:14  Probe (Chrono Boost)  
  84  12:18  Probe (Chrono Boost)  
  84  12:22  Stalker  
  87  12:25  Probe (Chrono Boost)  
  88  12:30  Stalker  
  90  12:39  Stalker  
  92  12:47  Stalker  
  92  12:51  Sentry  
  96  13:02  Zealot  
  96  13:04  Sentry  
  94  13:09  Zealot  
  64  13:14  Adept  
  64  13:16  Zealot  
  57  13:22  Stalker  
  45  13:33  Stalker  
Tags
 
League
Gold
Matchup
PvZ
Replay Pack
First Pack
Add a new tag
Caveats
  • Supply blocks, unpowered buildings, or Contaminate may cause inaccurate times.
  • Supply counts are checked every 10 seconds.